 Dungeon Crawl Stone Soup version 0.31-a0-1611-g890cdf5628 (webtiles) character file.

Game seed: 2929244574145695685

70 Curundu the Chopper (level 4, -3/39 HPs)
             Began as a Minotaur Berserker on Jan 8, 2024.
             Was a Believer of Trog.
             Slain by a gnoll
             ... wielding a +0 halberd
              (11 damage)
             ... on level 2 of the Dungeon.
             The game lasted 00:06:07 (1402 turns).

Curundu the Chopper (Minotaur Berserker)            Turns: 1402, Time: 00:06:07

Health: -3/39      AC: 12    Str: 24    XL:     4   Next: 4%
Magic:  3/3        EV:  8    Int:  4    God:    Trog [**....]
Gold:   134        SH:  3    Dex:  9    Spells: 3/3 levels left

rFire   + . .        g - +2 whip (venom)
rCold   . . .        e - +0 buckler
rNeg    . . .        n - +1 chain mail {rF+}
rPois   .            (helmet restricted)
rElec   .            o - +0 cloak
rCorr   .            (no gloves)
SInv    .            m - +0 pair of boots
Will    .....        (no amulet) Stlth
                     (no ring)
HPRegen 0.26/turn    (no ring)
MPRegen 0.08/turn

%: no passive effects
@: no status effects
A: horns 2, retaliatory headbutt
a: Renounce Religion, Berserk, Trog's Hand


You were on level 2 of the Dungeon.
You worshipped Trog.
Trog was pleased with you.
You visited 1 branch of the dungeon, and saw 2 of its levels.

You collected 134 gold pieces.

Inventory:

Hand Weapons
 a - a +0 hand axe
 g - a +2 whip of venom (weapon)
Armour
 e - a +0 buckler (worn)
 m - a +0 pair of boots (worn)
 n - a +1 chain mail of fire resistance (worn)
 o - a +0 cloak (worn)
Scrolls
 f - a scroll of teleportation {unknown}
 h - a scroll of poison {unknown}
 k - 2 scrolls of identify {unknown}
 l - 2 scrolls of amnesia {unknown}
Potions
 b - a potion of curing {unknown}
 c - a potion of attraction {unknown}
 d - 2 potions of mutation {unknown}
 i - a potion of resistance {unknown}
 j - a potion of haste {unknown}


   Skills:
 - Level 3.6 Fighting
 + Level 6.0 Axes
 - Level 2.4 Armour
 - Level 2.1 Dodging


You had 3 spell levels left.
You didn't know any spells.
Your spell library was empty.

Dungeon Overview and Level Annotations

Branches:
Dungeon (2/15)

Altars:


Innate Abilities, Weirdness & Mutations

You have a pair of horns on your head.
You reflexively headbutt those who attack you in melee.


Message History

The adder completely misses you.
You hit the adder.
The adder is poisoned.
The adder is moderately wounded.
The gnoll barely misses you. The adder bites you but does no damage.
You miss the adder. Your headbutt misses the adder.
The adder is moderately wounded.
The adder barely misses you.
The gnoll hits you from afar with a +0 halberd.
The adder bites you but does no damage.
You miss the adder.
The adder is moderately wounded.
The gnoll barely misses you. The adder bites you but does no damage.
You whack the adder!
You kill the adder!
Trog accepts your kill.
The gnoll hits you from afar with a +0 halberd.
The gnoll hits you with a +0 halberd!
You hit the gnoll.
The gnoll is poisoned.
The gnoll is moderately wounded.
The gnoll hits you but does no damage.
You hit the gnoll.
The gnoll looks as sick as possible!
The gnoll is heavily wounded.
The gnoll barely misses you.
You whack the gnoll!
You kill the gnoll!
Trog accepts your kill.
Your Axes skill increases to level 6!
You have reached level 4!
You feel stronger.
You whack the gnoll!
The gnoll is poisoned.
The gnoll is severely wounded.
The gnoll hits you with a +0 whip.
* * * LOW HITPOINT WARNING * * *
The gnoll hits you from afar with a +0 halberd.
* * * LOW HITPOINT WARNING * * *
You barely miss the gnoll. You headbutt the gnoll.
You kill the gnoll!
Trog accepts your kill.
The gnoll hits you from afar with a +0 halberd!
You die...

#.........####....##..
+.........+...........
#.........####...##...
#.......# ##.###...
#.....# ####.... #...#
#.... ##g## #.#.. #)#
#.#.. #@# #.#.. ##.##
#.#.. .#####...##
#.... .[........#
#.... .#####...##
#.###
##.############.#
#..........>...#
################


You could see a gnoll.

Vanquished Creatures
  3 gnolls (D:2)
  An adder (D:2)
  3 ball pythons
  6 bats
  4 endoplasms (D:1)
  2 giant cockroaches
  7 goblins
  A hobgoblin (D:2)
  3 quokkas (D:1)
  5 kobolds
  3 rats
38 creatures vanquished.

Notes
Turn   | Place    | Note
-------+----------+-------------------------------------------
     0 | D:1      | Curundu the Minotaur Berserker began the quest for the Orb.
     0 | D:1      | Reached XP level 1. HP: 19/19 MP: 0/0
    91 | D:1      | Reached skill level 4 in Axes
   188 | D:1      | Reached XP level 2. HP: 26/26 MP: 1/1
   542 | D:1      | Reached ** piety under Trog
   543 | D:1      | Reached skill level 5 in Axes
   931 | D:2      | Reached XP level 3. HP: 31/31 MP: 2/2
  1401 | D:2      | Reached skill level 6 in Axes
  1401 | D:2      | Reached XP level 4. HP: 14/39 MP: 3/3
  1402 | D:2      | Slain by a gnoll

Illustrated notes

Levels and vault maps discovered:
D:1:      lightli_arrival_farm, layout_loops_ring, minmay_quantized
D:2:      layout_loops_corners, wad_floor_pattern_1

Skill      XL: |  1  2  3 |
---------------+----------+-----
Axes           | 4 5 6 |  6.0
Fighting       | |  3.6
Armour         | |  2.4
Dodging        | |  2.1

Action                     |  1- 3 |  4- 6 || total
---------------------------+-------+-------++-------
  Melee: Hand axe          |    16 |       ||    16
         Headbutt          |     5 |     1 ||     6
         Whip              |    60 |     2 ||    62
 Armour: Animal skin       |     4 |       ||     4
         Chain mail        |    68 |     3 ||    71
  Dodge: Dodged            |    33 |       ||    33
  Block: Buckler           |     9 |       ||     9

Table legend: (Time is in decaauts)
 A = Elapsed time spent in this place.
 B = Non-inter-level travel time spent in this place.
 C = Inter-level travel time spent in this place.
 D = Time resting spent in this place.
 E = Time spent auto-exploring this place.
 F = Levels seen in this place.
 G = Mean time per level.
                   A        B        C        D        E       F      G
               +--------+--------+--------+--------+--------+-----+--------+
         Total |   1429 |   1429 |      0 |      0 |   1079 |   2 |  714.5 |
       Dungeon |   1429 |   1429 |      0 |      0 |   1079 |   2 |  714.5 |
               +--------+--------+--------+--------+--------+-----+--------+

Top non-repeatable levels by time:
     D:1: 829 daAuts
     D:2: 600 daAuts
